 Dungeon Crawl Stone Soup version 0.29.0-4-gdea44cf6ec (webtiles) character file.

Game seed: 5660638584572300772

4 qw the Chopper (level 1, -2/12 HPs)
             Began as a Tengu Warper on Aug 28, 2022.
             Succumbed to a kobold's poison
             ... on level 1 of the Dungeon.
             The game lasted 00:00:00 (170 turns).

qw the Chopper (Tengu Warper)                        Turns: 170, Time: 00:00:01

Health: -2/12      AC:  3    Str: 11    XL:     1   Next: 60%
Magic:  4/4        EV: 11    Int: 13    God:
Gold:   0          SH:  0    Dex: 13    Spells: 4/4 levels left

rFire   . . .      SeeInvis .   e - +3 hand axe
rCold   . . .      Faith    .   (no shield)
rNeg    . . .      Spirit   .   b - +0 leather armour
rPois   .          Reflect  .   (helmet restricted)
rElec   .          Harm     .   (no cloak)
rCorr   .          Rampage  .   (no gloves)
Will    .....                   (boots unavailable)
Stlth   +.........              (no amulet)
HPRegen 0.04/turn               (no ring)
MPRegen 0.09/turn               (no ring)

@: lethally poisoned (-2 -> -13)
A: beak, talons 3
a: no special abilities


You were on level 1 of the Dungeon.
You visited 1 branch of the dungeon, and saw 1 of its levels.


Innate Abilities, Weirdness & Mutations

You have a beak for a mouth.
You have claws for feet.


   Skills:
 - Level 2.0 Fighting
 + Level 2.6 Axes
 - Level 1.0 Throwing
 - Level 1.1 Armour
 - Level 2.1 Dodging
 - Level 2.0 Spellcasting
 - Level 2.4 Translocations


You had 4 spell levels left.
You didn't know any spells.
Your spell library contained the following spells:

 Spells                   Type           Power      Damage    Failure   Level
 Blink                    Tloc           14%        N/A       19%         2
 Gell's Gravitas          Tloc           7%         N/A       36%         3
 Lesser Beckoning         Tloc           7%         N/A       36%         3
 Teleport Other           Tloc           7%         N/A       36%         3
 Manifold Assault         Tloc           7%         N/A       98%         5

Inventory:

Hand Weapons
 a - a +0 club
 e - a +3 hand axe (weapon)
Armour
 b - a +0 leather armour (worn)
Scrolls
 c - a scroll of blinking
 f - a scroll of enchant weapon {unknown}

Dungeon Overview and Level Annotations

Branches:
Dungeon (1/15)

Altars:

Shops:
D:1 =


Message History

Throw: 2 boomerangs (disperse)
Press: ? - help, Q - select action Shift-Dir - straight line, f - endoplasm You throw a boomerang of dispersal.
The boomerang of dispersal hits the endoplasm.
The endoplasm blinks!
You feel a bit more experienced.
You start resting.
HP restored.
a - a +0 club You see here a goblin corpse.
There is a stone staircase leading down here.
Found a hobgoblin corpse.
Found a spear.
f - a scroll labelled NAUHAO FOPS A kobold comes into view.
It is wielding a +3 whip of venom.
The kobold shouts!
Throw: boomerang (disperse)
Press: ? - help, Q - select action Shift-Dir - straight line, f - kobold You throw a boomerang of dispersal.
The boomerang of dispersal closely misses the kobold.
You closely miss the kobold. Your kick misses the kobold. You peck the kobold.
The kobold is moderately wounded.
The kobold hits you with a +3 whip of venom.
You are poisoned.
The kobold closely misses you.
You hit the kobold but do no damage.
The kobold is moderately wounded.
You feel sick.
The kobold hits you with a +3 whip of venom.
You hit the kobold.
The kobold is heavily wounded.
You feel sick. The kobold closely misses you.
You barely miss the kobold. You peck the kobold, but do no damage.
The kobold is heavily wounded.
You feel sick.
A giant cockroach comes into view.
The kobold hits you with a +3 whip of venom.
You are more poisoned.
You hit the kobold.
You kill the kobold!
You die...

#.# #.# ## ####.# #.#
#.# #. ....# #.# #.## #.
...###.## #.## . #. ...
...# #.## .. ##.## #.#
#..# #.##
##.#...####.###..# #..#
#............>...###...
#....)@.#..........#.##
#)~.~.....#.#..%...#)##
..~~%~~...............##
##~~\~~....#.#......####
..~~~~~.............# #
##.~~~..####.########
#..##.## #.# ..B ## # #


You could see a giant cockroach.

Vanquished Creatures
  An endoplasm (D:1)
  A goblin (D:1)
  A hobgoblin (D:1)
  A kobold (D:1)
4 creatures vanquished.

Notes
Turn   | Place    | Note
-------+----------+-------------------------------------------
     0 | D:1      | qw the Tengu Warper began the quest for the Orb.
     0 | D:1      | Reached XP level 1. HP: 12/12 MP: 4/4
     0 | D:1      | 0 ||| qw: Version: 0.1-a-89-g26bdef1
     0 | D:1      | 0 ||| qw: Game counter: 2052
     0 | D:1      | 0 ||| qw: Always use a shield: true
     0 | D:1      | 0 ||| qw: God list: Okawaru
     0 | D:1      | 0 ||| qw: Allow faded altars: false
     0 | D:1      | 0 ||| qw: Do Orc after D:15 true
     0 | D:1      | 0 ||| qw: Do second Lair branch before Depths: true
     0 | D:1      | 0 ||| qw: Lair rune preference: random
     0 | D:1      | 0 ||| qw: Plans: Normal
     0 | D:1      | 0 ||| PLANNING D:1-11
    38 | D:1      | 38 ||| SWAPPING to +3 hand axe.
    40 | D:1      | 40 ||| DROPPING +0 hand axe.
    50 | D:1      | 50 ||| Stepping ~*~*~tactically~*~*~ (stealth).
   155 | D:1      | Found Toujol's Jewellery Boutique.
   169 | D:1      | HP: 3/12 [poisoned by a kobold]
   169 | D:1      | HP: 1/12 [kobold/+3 whip of venom (2)]
   170 | D:1      | Succumbed to a kobold's poison

Levels and vault maps discovered:
D:1:      dpeg_arrival_yet_another_circle, layout_loops_ring,
          basic_ecumenical_altar, serial_shops, nicolae_shop_waterfront,
          minmay_surrounded

Action                   || total
-------------------------++-------
Melee: Hand axe          ||     8
       Peck              ||     2
       Kick              ||     1
Throw: Boomerang         ||     7
Dodge: Dodged            ||     3

Table legend:
 A = Non-vault XP
 B = Vault XP
 C = Vault XP percentage of total XP
 D = Non-vault monster count
 E = Vault monster count
 F = Vault count percentage of total count
                 A         B        C        D         E       F
            +---------+---------+-------+---------+---------+-------
      Total |       8 |       0 |   0.0 |       4 |       0 |   0.0
            +---------+---------+-------+---------+---------+-------
        D:1 |       8 |       0 |   0.0 |       4 |       0 |   0.0
            +---------+---------+-------+---------+---------+-------
